 Dungeon Crawl Stone Soup version 0.22-a0-580-gd5db89c (webtiles) character file.

1150 iamserjio the Sneak (level 8, -3/54 HPs)
             Began as an Octopode Wanderer on July 3, 2018.
             Was a Follower of Ru.
             Slain by an ice beast (5 damage)
             ... on level 6 of the Dungeon.
             The game lasted 00:12:49 (5167 turns).

iamserjio the Sneak (Octopode Wanderer)             Turns: 5167, Time: 00:12:50

Health: -3/54      AC:  1    Str: 11    XL:     8   Next: 38%
Magic:  9/9        EV: 16    Int: 16    God:    Ru [*.....]
Gold:   253        SH:  0    Dex: 12    Spells: 7/7 levels left

rFire    . . .     SeeInvis +   a - +2 falchion
rCold    . . .     Gourm    .   (no shield)
rNeg     . . .     Faith    .   (helmet restricted)
rPois    .         Spirit   .   (no amulet)
rElec    .         Reflect  .   k - ring of see invisible
rCorr    .         Harm     .   (no ring)
MR       .....                  (no ring)
Stlth    ++++......             (no ring)
HPRegen  0.18/turn              (no ring)
MPRegen  0.11/turn              (no ring)
                                (no ring)
                                (no ring)

@: no status effects
A: almost no armour, stealthy swim, amphibious, 8 rings, constrict 8, camouflage
1, gelatinous body 1, missing an eye
a: Renounce Religion


You were on level 6 of the Dungeon.
You worshipped Ru.
Ru was aware of your devotion.
You were very hungry.

You visited 2 branches of the dungeon, and saw 7 of its levels.

You collected 253 gold pieces.

Inventory:

Hand Weapons
 a - a +2 falchion (weapon)
 m - a +0 long sword
 r - a +1 spear of piercing
 s - a +0 dagger of flaming
 v - a +0 flail of protection
Missiles
 f - 2 needles of paralysis {!f}
 h - 159 stones (quivered)
 A - 24 poisoned needles
Armour
 C - a +0 large shield
Jewellery
 e - an uncursed ring of fire
 k - a ring of see invisible (left tentacle)
Wands
 u - a wand of random effects (27)
 z - a wand of acid (1)
Scrolls
 g - 3 scrolls of teleportation {unknown}
 i - 5 scrolls of identify {unknown}
 j - a scroll of fog {unknown}
 o - a scroll of enchant armour {unknown}
 y - 4 scrolls of amnesia {unknown}
 B - a scroll of blinking {unknown}
 D - a scroll of magic mapping {unknown}
Potions
 b - 2 potions of curing {@q1}
 d - 4 potions of brilliance {unknown}
 l - a potion of agility {unknown}
 n - 4 potions of heal wounds {unknown}
 p - a potion of cancellation {unknown}
 q - a potion of degeneration {unknown}
 t - a potion of flight {unknown}
 w - a potion of mutation {unknown}
 x - a potion of haste
Comestibles
 c - 9 rations


   Skills:
 + Level 4.8 Fighting
 + Level 4.5 Long Blades
 - Level 1.0 Maces & Flails
 * Level 6.6 Dodging
 + Level 6.6 Stealth
 - Level 2.1 Evocations


You had 7 spell levels left.
You didn't know any spells.
Your spell library contained the following spells:

 Spells                   Type           Power        Failure   Level  Hunger
 Conjure Flame            Conj/Fire      #.......     58%         3    ####...
 Freezing Cloud           Conj/Ice/Air   #.........   100%        6    #######
 Mephitic Cloud           Conj/Pois/Air  #.......     58%         3    ####...
 Ring of Flames           Chrm/Fire      #.........   100%        7    #######
 Poisonous Vapours        Pois/Air       #.....       36%         2    ###....


Dungeon Overview and Level Annotations

Branches:
Dungeon (6/15)             Temple (1/1) D:4

Altars:
Ashenzari
Elyvilon
Fedhas
Gozag
Nemelex Xobeh
Ru
Sif Muna
Trog
Uskayaw
Vehumet
Wu Jian
Xom
Yredelemnul
Zin

Annotations:
D:6 exclusion: ice beast


Innate Abilities, Weirdness & Mutations

You cannot wear most types of armour.
You are very stealthy in the water. (Stealth+)
You are amphibious.
You can wear up to eight rings at the same time.
You can use your tentacles to constrict eight enemies at once.
Your skin changes colour to match your surroundings (Stealth+).
Your rubbery body absorbs attacks. (AC +1, EV +1)
You are missing an eye, making it more difficult to aim.


Message History

The ice beast freezes you!
* * * LOW HITPOINT WARNING * * *
Evoke which item? (* to show all) (? for menu, Esc to quit)
Okay, then.
Okay, then.
Okay, then.
Evoke which item? (* to show all) (? for menu, Esc to quit)
Aiming: Corrosive Bolt
Press: ? - help, Shift-Dir - straight line, f/p - ice beast
Aim: an ice beast (heavily wounded)
The bolt of acid hits the ice beast.
The ice beast is splashed with acid.
The ice beast is almost dead.
Evoke which item? (* to show all) (? for menu, Esc to quit)
Aiming: Corrosive Bolt
Press: ? - help, Shift-Dir - straight line, f/p - ice beast
Aim: an ice beast (almost dead)
The bolt of acid misses the ice beast.
The ice beast hits you.
* * * LOW HITPOINT WARNING * * *
The ice beast freezes you.
You die...

#.....# #.....##
##......# #.......##
##........##
#........... ###
#........... ...###
##...Y....... ......##
#....@.....# #.......
#..........# ##....
#..........# ###..
##.......<..# #.#
#...........# ####'#
..............# #.....
###..........## #.⌠...
#!.........# ####.....
#.........#####..'...⌠.


You could see an ice beast.

Vanquished Creatures
  Grinder (D:3)
  Sigmund (D:2)
  An ice beast (D:6)
  2 ogres
  A water moccasin skeleton (D:6)
  3 howler monkeys (D:4)
  2 crimson imps (D:5)
  An iguana (D:6)
  An orc wizard (D:5)
  2 worker ants (D:4)
  A hound skeleton (D:5)
  3 gnolls
  6 adders
  An ooze (D:4)
  An adder skeleton (D:4)
  A dart slug (D:1)
  3 leopard geckos
  13 orcs
  6 bats
  9 giant cockroaches
  6 hobgoblins
  5 jackals
  2 quokkas
  A ball python skeleton (D:5)
  3 frilled lizards
  4 goblins
  A jackal zombie (D:5)
  2 kobolds
  4 rats
87 creatures vanquished.

Notes
Turn   | Place    | Note
-------+----------+-------------------------------------------
     0 | D:1      | iamserjio the Octopode Wanderer began the quest for the Orb.
     0 | D:1      | iamserjio set off with: a +2 falchion, 2 potions of curing {@q1}, a ration
     0 | D:1      | Reached XP level 1. HP: 17/17 MP: 2/2
   157 | D:1      | Reached XP level 2. HP: 20/22 MP: 3/3
   417 | D:1      | You fall through a shaft!
   421 | D:2      | Noticed an ogre
   832 | D:2      | Reached XP level 3. HP: 12/27 MP: 4/4
  1215 | D:2      | Noticed Sigmund
  1222 | D:2      | Killed Sigmund
  1222 | D:2      | Reached XP level 4. HP: 28/33 MP: 5/5
  1222 | D:2      | Reached XP level 5. HP: 31/37 MP: 6/6
  1288 | D:3      | Noticed Grinder
  1296 | D:3      | Killed Grinder
  1296 | D:3      | Reached XP level 6. HP: 9/43 MP: 7/7
  1612 | D:3      | Found a sparkling altar of Nemelex Xobeh.
  1872 | D:4      | Reached skill level 5 in Stealth
  1878 | D:3      | Reached XP level 7. HP: 42/48 MP: 8/8
  1925 | D:4      | Reached skill level 5 in Dodging
  2702 | D:4      | Found a staircase to the Ecumenical Temple.
  2712 | Temple   | Entered the Ecumenical Temple
  2747 | Temple   | Became a worshipper of Ru the Awakened
  2926 | D:2      | You fall through a shaft for 2 floors!
  3288 | D:5      | Entered Level 5 of the Dungeon
  3353 | D:5      | Found a bloodstained altar of Trog.
  3937 | D:5      | Reached XP level 8. HP: 54/54 MP: 9/9
  4473 | D:6      | Gained mutation: You are missing an eye, making it more difficult to aim. [Ru sacrifice]
  4473 | D:6      | Reached * piety under Ru
  5167 | D:6      | HP: 2/54 [ice beast (5)]
  5167 | D:6      | Slain by an ice beast

Vault maps used:
D:1:      ebering_trefoil_twist, hex_large
D:2:      uniq_sigmund
D:3:      nemelex_xobeh_ov_fountains_minmay, uniq_grinder
D:4:      minmay_temple_entry_butterflies, first_ration
D:5:      trog_book
D:6:      minitemple, corexii_leaking_fountain, minmay_fountain_box,
          kennysheep_crisscross
Temple:   eino_temple_lava

Skill      XL: |  1  2  3  4  5  6  7 |
---------------+----------------------+-----
Stealth        | 2 4 5 6 |  6.6
Dodging        | 2 3 4 6 |  6.6
Long Blades    | 2 3 4 |  4.5
Fighting       | |  4.8
Maces & Flails | |  1.0
Evocations     | |  2.1

Action                   |  1- 3 |  4- 6 |  7- 9 || total
-------------------------+-------+-------+-------++-------
Melee: Falchion          |    35 |    33 |   142 ||   210
       Tentacles         |    10 |     4 |    32 ||    46
       Constrict         |     8 |     8 |    36 ||    52
Throw: Stone             |     1 |       |     3 ||     4
Invok: Sacrifice an Eye  |       |       |     1 ||     1
Evoke: Wand              |       |       |     5 ||     5
  Use: Potion            |       |     1 |     1 ||     2
 Stab: Sleeping          |     3 |     5 |     5 ||    13
  Eat: Chunk             |       |     2 |     7 ||     9
       Ration            |       |       |     1 ||     1
Armor: Skin              |     3 |     2 |     5 ||    10
Dodge: Dodged            |    18 |    27 |   110 ||   155
       Rpst.: Falchion   |     8 |     6 |    31 ||    45

Table legend:
 A = Spawn XP
 B = Non-spawn XP
 C = Spawn XP percentage of total XP
 D = Spawn monster count
 E = Non-spawn monster count
 F = Spawn count percentage of total count
 G = Total turns spent on level
                    A         B        C        D         E        F      G
               +---------+---------+-------+---------+---------+-------+---------
         Total |       0 |    1644 |   0.0 |       0 |      87 |   0.0 |  5167
               +---------+---------+-------+---------+---------+-------+---------
           D:1 |       0 |      21 |   0.0 |       0 |      11 |   0.0 |   774
           D:2 |       0 |     392 |   0.0 |       0 |      14 |   0.0 |   893
           D:3 |       0 |     322 |   0.0 |       0 |      17 |   0.0 |   672
           D:4 |       0 |     314 |   0.0 |       0 |      16 |   0.0 |  1341
           D:5 |       0 |     305 |   0.0 |       0 |      17 |   0.0 |   705
           D:6 |       0 |     290 |   0.0 |       0 |      12 |   0.0 |   737
               +---------+---------+-------+---------+---------+-------+---------
